 Dungeon Crawl Stone Soup version 0.29-a0-283-ga02f740833 (webtiles) character file.

Game seed: 10902600728702594871

667 spaghetti the Fighter (level 7, -1/130 HPs)
             Began as an Ogre Wanderer on Mar 13, 2022.
             Slain by a sky beast (6 damage)
             ... on level 5 of the Dungeon.
             The game lasted 00:06:26 (4491 turns).

spaghetti the Fighter (Ogre Wanderer)               Turns: 4491, Time: 00:06:27

Health: -1/130     AC:  4    Str: 21    XL:     7   Next: 57%
Magic:  13/13      EV:  9    Int: 13    God:
Gold:   124        SH:  0    Dex:  6    Spells: 13/14 levels left

rFire   . . .      SeeInvis .   p - +1 dagger (distort) {!wshort}
rCold   . . .      Faith    .   (no shield)
rNeg    . . .      Spirit   .   c - +1 robe
rPois   .          Reflect  .   (helmet restricted)
rElec   .          Harm     .   (no cloak)
rCorr   +          Rampage  .   (gloves unavailable)
Will    .....                   (boots unavailable)
Stlth   ..........              (no amulet)
HPRegen 0.31/turn               s - ring of resist corrosion
MPRegen 0.13/turn               (no ring)

@: berserking, hasted, very quick
A: large, unfitting armour, tough skin 1
a: no special abilities


You were on level 5 of the Dungeon.
You visited 1 branch of the dungeon, and saw 5 of its levels.

You collected 124 gold pieces.


Innate Abilities, Weirdness & Mutations

You are too large for most types of armour.
You have tough skin. (AC +1)


   Skills:
 + Level 10.8 Fighting
 - Level 2.0 Polearms
 - Level 1.0 Dodging
 - Level 4.0 Spellcasting
 - Level 1.7 Conjurations


You had 13 spell levels left.
You knew the following spells:

 Your Spells              Type           Power      Damage    Failure   Level
a - Magic Dart            Conj           28%        1d4       10%         1

Your spell library contained the following spells:

 Spells                   Type           Power      Damage    Failure   Level
 Animate Skeleton         Necr           4%         N/A       21%         1
 Apportation              Tloc           4%         N/A       21%         1
 Summon Small Mammal      Summ           8%         N/A       21%         1
 Scorch                   Fire           4%         2d5       30%         2
 Conjure Flame            Conj/Fire      4%         6-21      41%         3
 Ozocubu's Armour         Ice            2%         N/A       52%         3
 Flame Wave               Conj/Fire      4%         2d5       82%         4
 Metabolic Englaciation   Hex/Ice        1%         N/A       99%         5
 Simulacrum               Ice/Necr       1%         N/A       100%        6
 Summon Cactus Giant      Summ           1%         N/A       100%        6

Inventory:

Hand Weapons
 a - a +3 spear {polearm}
 p - a +1 dagger of distortion (weapon) {!wshort}
   (You took it off Jessica on level 2 of the Dungeon)
Missiles
 d - 2 throwing nets {=f!fthrowing}
 g - 9 poisoned darts {throwing}
 h - 157 stones {throwing}
 r - 3 javelins {throwing}
 v - 2 boomerangs {throwing}
Armour
 c - a +1 robe (worn)
Jewellery
 s - a ring of resist corrosion (left hand)
   (You found it on level 3 of the Dungeon)
Wands
 m - a wand of iceblast (5)
   (You found it on level 2 of the Dungeon)
Scrolls
 u - a scroll of vulnerability {!r!r}
Potions
 b - a potion of haste {@q3}
 e - 4 potions of curing {@q1}

Dungeon Overview and Level Annotations

Branches:
Dungeon (5/15)
 Temple: D:4-7

Altars:
Trog
Xom

Annotations:
D:3 2 transporters, 2 runed translucent doors, testman's ghost, amateur GnWn
D:4 Edmund

######. # ## ##
$...... #. .. .#
.......
##.###.##.####.......
..........#..........
>.......(.Y..........
.[...... #.#
#...#####{#
#..<...†@.#
#.........#
#..#.#.##.#
#.......#.#
##.#.####.# #.....
..# ....... ...
........ .(


There were no monsters in sight!


Message History

Edmund says, "A flail is better than a scythe, any day of the week!"
Really walk into that teleport trap?
You enter a teleport trap!
The teleport trap disappears.
Your surroundings suddenly seem different.
Grinder and a scorpion come into view.
Grinder shouts!
Grinder hits you.
* * * LOW HITPOINT WARNING * * *
😱 HP[-4]
You take 4 damage, and now have 8/74 hp.
Unknown command.
Okay, then.
You feel yourself speed up.
Grinder hits you but does no damage. 😱 HP[+1] Really read
f - a scroll of blinking {!r}?
Blink to where?
Press: ? - help, Dir - move target
As you read the scroll of blinking {!r}, it crumbles to dust.
As you read the scroll of holy word, it crumbles to dust.
You speak a Word of immense power!
Grinder convulses!
Aiming: Iceblast
Press: ? - help, Shift-Dir - straight line The mass of ice explodes!
The iceblast engulfs the scorpion!
Grinder is lost in a daze.
Aiming: Iceblast
Press: ? - help, Shift-Dir - straight line The mass of ice explodes!
The iceblast engulfs the scorpion!
You kill the scorpion!
A quokka comes into view.
Your Fighting skill increases to level 9!
You now have 75 max hp (+1).
Aiming: Iceblast
Press: ? - help, Shift-Dir - straight line The mass of ice explodes!
The iceblast engulfs Grinder!
Grinder partially resists.
You kill Grinder!
You feel your strength returning.
You feel your intelligence returning.
Your Fighting skill increases to level 10!
You have reached level 7! 😱 HP[+2] MP[+1]
You now have 87 max hp (+12).
You regained 2 hp, and now have 11/87 hp.
Your mp is fully restored (13).
Found a stone staircase leading down.
A quokka is nearby! 😱 HP[+1]
You see here a scorpion corpse. 😱 HP[+1]
A giant cockroach comes into view. 😱 HP[+1]
There is a stone staircase leading down here.
You climb downwards.
Found a leather armour and 6 poisoned darts.
Found a stone staircase leading down.
There is a stone staircase leading up here.
Unknown command.
Unknown command. 😱 HP[+1]
You recover from your berserk rage.
A sky beast comes into view. 😱 HP[+1]
You hit the sky beast. You closely miss the sky beast. The sky beast hits you.
* * * LOW HITPOINT WARNING * * *
The sky beast shocks you.
* * * LOW HITPOINT WARNING * * *
😱 HP[-8]
You take 8 damage, and now have 8/87 hp.
Okay, then.
Really quaff
t - a potion of berserk rage {!q}?
A red film seems to cover your vision as you go berserk!
You feel yourself moving faster!
You feel mighty!
The sky beast flickers out of sight!
Deactivating autopickup; reactivate with Ctrl-A.
Something hits you but does no damage. 😱 HP[+4]
You now have 130 max hp (+43).
You regained 4 hp, and now have 12/130 hp.
You puncture something!
Space warps horribly around something!
Reactivating autopickup.
You feel a bit more experienced.
The sky beast hits you but does no damage.
You feel your dexterity returning.
You puncture the sky beast!
Space warps around the sky beast. 😱 HP[+1]
You hit the sky beast.
The sky beast flickers out of sight!
Deactivating autopickup; reactivate with Ctrl-A.
Something hits you but does no damage.
You hit something.
Space warps around something.
Something hits you.
* * * LOW HITPOINT WARNING * * *
Something shocks you.
* * * LOW HITPOINT WARNING * * *
😱 HP[-7]
You take 7 damage, and now have 6/130 hp.
You miss something. You miss something. Something hits you.
* * * LOW HITPOINT WARNING * * *
Something shocks you.
You die...

Skill      XL: |  1  2  3  4  5  6 |
---------------+-------------------+-----
Spellcasting   | 2 3 4 |  4.0
Fighting       | 6 8 10 | 10.8
Polearms       | |  2.0
Dodging        | |  1.0
Conjurations   | |  1.7

Action                   |  1- 3 |  4- 6 |  7- 9 || total
-------------------------+-------+-------+-------++-------
Melee: Spear             |    75 |    32 |       ||   107
       Dagger            |       |   101 |     8 ||   109
       Punch             |       |     1 |       ||     1
 Cast: Magic Dart        |    39 |    50 |       ||    89
Evoke: Wand              |       |     3 |       ||     3
  Use: Scroll            |       |    11 |       ||    11
       Potion            |       |     8 |     1 ||     9
Armor: Robe              |    12 |    41 |     3 ||    56
Dodge: Dodged            |    24 |    35 |       ||    59

Levels and vault maps discovered:
D:1:      ncdulo_smallfort, layout_basic, minmay_vboxes
D:2:      layout_loops_ring, nicolae_ecumenical_lake_church, basic_altar,
          uniq_jessica
D:3:      due_chaos_kobolds, layout_basic, gammafunk_ghost_smash, serial_rivers,
          chequers_serial_rivers_micro_a, chequers_serial_rivers_small_b,
          chequers_serial_rivers_micro_d, chequers_serial_rivers_micro_c,
          chequers_serial_rivers_micro_b
D:4:      layout_loops_ring, uniq_grinder, uniq_edmund
D:5:      layout_basic, serial_shops, kennysheep_mini_moat

Notes
Turn   | Place    | Note
-------+----------+-------------------------------------------
     0 | D:1      | spaghetti the Ogre Wanderer began the quest for the Orb.
     0 | D:1      | spaghetti set off with the following items: a +3 spear
                  | {polearm}, a potion of haste {@q3}, a +0 robe; and the
                  | following spell memorised: Magic Dart; and the following
                  | spells available to memorise: Conjure Flame
     0 | D:1      | Reached XP level 1. HP: 27/27 MP: 2/2
     0 | D:1      | magus.rc [v1.9.6]
   191 | D:1      | Reached skill level 2 in Spellcasting
   195 | D:1      | Reached XP level 2. HP: 35/35 MP: 5/5
   681 | D:1      | Reached skill level 3 in Spellcasting
  1073 | D:1      | Reached XP level 3. HP: 31/42 MP: 5/7
  1631 | D:2      | You pick up a book of Scorching and begin reading...
  1631 | D:2      | You add the spells Scorch, Flame Wave and Summon Cactus
                  | Giant to your library.
  1724 | D:2      | Reached XP level 4. HP: 47/50 MP: 9/9
  1882 | D:2      | Found a bloodstained altar of Trog.
  1931 | D:2      | Reached skill level 4 in Spellcasting
  1999 | D:2      | Found a faded altar of an unknown god.
  2192 | D:2      | Noticed Jessica
  2198 | D:2      | Killed Jessica
  2199 | D:2      | Reached skill level 6 in Fighting
  2485 | D:3      | Found a transporter.
  2487 | D:3      | Noticed testman's ghost (amateur GnWn)
  2488 | D:3      | Found a transporter.
  2488 | D:3      | Noticed an ogre
  2489 | D:3      | Noticed an ogre
  2843 | D:3      | Reached XP level 5. HP: 61/61 MP: 11/11
  3217 | D:3      | You pick up a book of Winter and begin reading...
  3217 | D:3      | You add the spells Ozocubu's Armour, Metabolic Englaciation
                  | and Simulacrum to your library.
  3310 | D:3      | Reached skill level 7 in Fighting
  3566 | D:3      | Found a large runed translucent door.
  3586 | D:3      | Found a large runed translucent door.
  3586 | D:3      | Found a shimmering altar of Xom.
  3886 | D:4      | Reached skill level 8 in Fighting
  3886 | D:4      | Reached XP level 6. HP: 51/72 MP: 8/12
  4185 | D:4      | You pick up a book of Cantrips and begin reading...
  4185 | D:4      | You add the spells Animate Skeleton, Summon Small Mammal
                  | and Apportation to your library.
  4405 | D:4      | HP: 18/74 [orc/+0 whip (4)]
  4409 | D:4      | Noticed Edmund
  4410 | D:4      | HP: 15/74 [orc/+0 whip (4)]
  4426 | D:4      | HP: 14/74 [orc/+0 dagger (2)]
  4431 | D:4      | HP: 12/74 [orc/+0 dagger (4)]
  4436 | D:4      | HP: 10/74 [orc/+0 dagger (2)]
  4448 | D:4      | Noticed Grinder
  4448 | D:4      | HP: 8/74 [Grinder (4)]
  4454 | D:4      | Reached skill level 9 in Fighting
  4454 | D:4      | Killed Grinder
  4455 | D:4      | Reached skill level 10 in Fighting
  4455 | D:4      | Reached XP level 7. HP: 11/87 MP: 13/13
  4473 | D:5      | Entered Level 5 of the Dungeon
  4484 | D:5      | HP: 14/87 [sky beast (2)]
  4489 | D:5      | HP: 12/130 [something (1)]
  4491 | D:5      | HP: 5/130 [something (1)]
  4491 | D:5      | Slain by a sky beast

Vanquished Creatures
  Grinder (D:4)
  A sky beast (D:5)
  2 scorpions (D:4)
  An orc priest (D:4)
  An iguana (D:4)
  Jessica (D:2)
  3 orc wizards
  3 adders
  A worm (D:2)
  A dart slug (D:1)
  11 orcs
  3 endoplasms
  3 giant cockroaches
  7 goblins
  7 hobgoblins
  7 jackals (D:2)
  6 kobolds
  7 quokkas
  5 ball pythons
  5 bats
  3 frilled lizards
  4 rats
83 creatures vanquished.

Table legend:
 A = Non-vault XP
 B = Vault XP
 C = Vault XP percentage of total XP
 D = Non-vault monster count
 E = Vault monster count
 F = Vault count percentage of total count
                 A         B        C        D         E       F
            +---------+---------+-------+---------+---------+-------
      Total |     635 |     319 |  33.4 |      76 |       8 |   9.5
            +---------+---------+-------+---------+---------+-------
        D:1 |      28 |      10 |  26.3 |      16 |       6 |  27.3
        D:2 |      70 |      37 |  34.6 |      24 |       1 |   4.0
        D:3 |      77 |       0 |   0.0 |      17 |       0 |   0.0
        D:4 |     336 |     272 |  44.7 |      18 |       1 |   5.3
        D:5 |     124 |       0 |   0.0 |       1 |       0 |   0.0
            +---------+---------+-------+---------+---------+-------

Illustrated notes

Table legend:
 A = Kills in this place as a percentage of kills in entire the game.
 B = Kills by you in this place as a percentage of kills by you in the entire game.
 C = Kills by friends in this place as a percentage of kills by friends in the entire game.
 D = Other kills in this place as a percentage of other kills in the entire game.
 E = Experience gained in this place as a percentage of experience gained in the entire game.
 F = Experience gained in this place divided by the number of levels of this place that you have seen.
                   A       B       C       D       E      F
               +-------+-------+-------+-------+-------+----------------------
         Total | 100.0 | 100.0 |   N/A | 100.0 | 100.0 | 190.8
       Dungeon | 100.0 | 100.0 |   N/A | 100.0 | 100.0 | 190.8
               +-------+-------+-------+-------+-------+----------------------

Table legend: (Time is in decaauts)
 A = Elapsed time spent in this place.
 B = Non-inter-level travel time spent in this place.
 C = Inter-level travel time spent in this place.
 D = Time resting spent in this place.
 E = Time spent auto-exploring this place.
 F = Levels seen in this place.
 G = Mean time per level.
                   A        B        C        D        E       F      G
               +--------+--------+--------+--------+--------+-----+--------+
         Total |   4478 |   4399 |     79 |    266 |   3609 |   5 |  895.6 |
       Dungeon |   4478 |   4399 |     79 |    266 |   3609 |   5 |  895.6 |
               +--------+--------+--------+--------+--------+-----+--------+

Top non-repeatable levels by time:
     D:3: 1387 daAuts
     D:1: 1336 daAuts
     D:2: 1127 daAuts
     D:4: 615 daAuts
     D:5: 12 daAuts
